 Dungeon Crawl Stone Soup version 0.26.0-57-g60708a5e39 (webtiles) character file.

Game seed: 7471111049088355899

189 PentaManta the Changer (level 5, -5/37 HPs)
             Began as a Merfolk Transmuter on Feb 1, 2021.
             Was a Follower of Uskayaw.
             Killed from afar by Ijyb (9 damage)
             ... with a puff of flame
             ... on level 3 of the Dungeon.
             The game lasted 00:09:11 (4686 turns).

PentaManta the Changer (Merfolk Transmuter)         Turns: 4686, Time: 00:09:11

Health: -5/37      AC:  4    Str: 10      XL:     5   Next: 68%
Magic:  8/9        EV: 13    Int: 12      God:    Uskayaw [*.....]
Gold:   188        SH:  0    Dex: 15 (16) Spells: 2/10 levels left

rFire    . . .     SeeInvis .     - Unarmed
rCold    . . .     Faith    .   (no shield)
rNeg     . . .     Spirit   .   a - +1 robe
rPois    .         Reflect  .   (helmet currently unavailable)
rElec    .         Harm     .   g - +0 cloak
rCorr    .         Rampage  .   (no gloves)
Will     .....                  (boots currently unavailable)
Stlth    +.........             (no amulet)
HPRegen  0.12/turn              (no ring)
MPRegen  0.11/turn              (no ring)

@: appendages
A: change form in water, swift swim, stealthy swim, horns 2
a: End Transformation, Renounce Religion, Stomp


You were on level 3 of the Dungeon.
You worshipped Uskayaw.
Uskayaw was noncommittal.
You had grown temporary horns.
You visited 1 branch of the dungeon, and saw 3 of its levels.
You also visited: Sewer.

You collected 188 gold pieces.

Inventory:

Missiles
 d - 2 boomerangs
Armour
 a - a +1 robe (worn)
 b - a +2 kite shield of protection
 g - a +0 cloak (worn)
Scrolls
 c - 2 scrolls of fear
 h - 3 scrolls of identify
 i - a scroll of blinking
 j - a scroll of teleportation
Potions
 e - a potion of ambrosia
 f - a potion of heal wounds
 k - 3 potions of might
 l - 2 potions of flight {unknown}
 m - a potion of mutation {unknown}
 n - a potion of attraction {unknown}


   Skills:
 - Level 1.1 Fighting
 - Level 2.6 Dodging
 - Level 3.2 Unarmed Combat
 - Level 3.0 Spellcasting
 * Level 6.2 Transmutations
 + Level 2.0 Ice Magic


You had 2 spell levels left.
You knew the following spells:

 Your Spells              Type           Power        Failure   Level
a - Beastly Appendage     Tmut           32%          1%          1
b - Ice Form              Ice/Tmut       11%          41%         4
c - Spider Form           Tmut/Pois      4%           21%         3

Your spell library contained the following spells:

 Spells                   Type           Power        Failure   Level
 Wereblood                Tmut           16%          3%          2
 Blade Hands              Tmut           8%           47%         5


Dungeon Overview and Level Annotations

Branches:
Dungeon (3/15)              Sewer (visited)

Altars:
Elyvilon
Fedhas
Qazlal
Sif Muna
Uskayaw
Xom

Annotations:
D:3 Ijyb


Innate Abilities, Weirdness & Mutations

You revert to your normal form in water.
You are very nimble and swift while swimming.
You are very stealthy in the water. (Stealth+)
You have a pair of horns on your head.


Message History

Confirm with . or Enter, or press ? or * to list all spells.
You grow a pair of large bovine horns.
Ijyb hits you.
You hit Ijyb. You headbutt Ijyb.
Ijyb is almost dead.
You barely miss Ijyb.
Ijyb is almost dead.
Ijyb zaps a wand.
The puff of flame hits you!
* * * LOW HITPOINT WARNING * * *
You barely miss Ijyb. Your headbutt misses Ijyb.
Ijyb is almost dead.
Ijyb hits you.
* * * LOW HITPOINT WARNING * * *
You barely miss Ijyb.
Ijyb is almost dead.
Ijyb hits you.
* * * LOW HITPOINT WARNING * * *
You hit Ijyb but do no damage.
Ijyb is almost dead.
Ijyb zaps a wand.
The puff of flame hits you!
You die...

#.≈#≈.≈#≈.#.##...
#≈≈#≈.≈#≈≈#.# .#
#≈≈#≈.≈#≈≈#.# #
#≈≈#≈≈≈#≈†# .##
#.≈#≈÷≈#≈≈# ... #
##≈≈##....≈# #.#.#
#≈.≈###..≈## #.#.#
#..## ########...#####
#.########....@g......
#..........#.#.#######
##########.#.#.#
#.#.#.# #.#.#..
#...... ###.#...
#.#...


You could see Ijyb.

Vanquished Creatures
  Natasha (D:3)
  3 adders
  3 oozes (Sewer)
  6 worms
  3 dart slugs
  4 leopard geckos
  4 ball pythons
  10 giant cockroaches
  4 goblins
  4 hobgoblins
  15 jackals
  7 kobolds
  18 bats
  5 frilled lizards
  9 rats
96 creatures vanquished.

Vanquished Creatures (others)
  A plant (D:1)
1 creature vanquished.

Grand Total: 97 creatures vanquished

Notes
Turn   | Place    | Note
-------+----------+-------------------------------------------
     0 | D:1      | PentaManta the Merfolk Transmuter began the quest for the
                  | Orb.
     0 | D:1      | Reached XP level 1. HP: 15/15 MP: 3/3
   239 | D:1      | Reached skill level 3 in Transmutations
   239 | D:1      | Reached XP level 2. HP: 20/21 MP: 3/5
   701 | D:1      | Reached XP level 3. HP: 26/26 MP: 5/7
  1455 | D:2      | Reached skill level 4 in Transmutations
  2264 | D:2      | Found a shimmering blue altar of Sif Muna.
  2283 | D:2      | Reached XP level 4. HP: 32/32 MP: 6/8
  2483 | D:2      | Learned a level 4 spell: Ice Form
  2487 | D:2      | Learned a level 3 spell: Spider Form
  2546 | D:2      | Reached skill level 5 in Transmutations
  2566 | D:2      | Found a white marble altar of Elyvilon.
  2845 | D:2      | Found a blossoming altar of Fedhas.
  2984 | D:2      | Noticed a +0 hand axe
  2985 | D:2      | Found a hide-covered altar of Uskayaw.
  2986 | D:2      | Noticed a +0 hand axe
  2999 | D:2      | Became a worshipper of Uskayaw the Reveller
  3012 | D:2      | Found a stormy altar of Qazlal.
  3175 | D:2      | Found a shimmering altar of Xom.
  3344 | D:3      | Noticed Natasha
  3348 | D:3      | Killed Natasha
  3348 | D:3      | Reached * piety under Uskayaw
  3349 | D:3      | Reached skill level 1 in Ice Magic
  3349 | D:3      | Reached XP level 5. HP: 37/37 MP: 7/9
  3369 | D:3      | Found a glowing drain.
  3400 | Sewer    | Entered a sewer
  3415 | Sewer    | Reached ** piety under Uskayaw
  4243 | Sewer    | Reached *** piety under Uskayaw
  4244 | Sewer    | Reached skill level 6 in Transmutations
  4252 | Sewer    | Reached **** piety under Uskayaw
  4654 | D:3      | Noticed Ijyb
  4686 | D:3      | Killed from afar by Ijyb

Illustrated notes

Levels and vault maps discovered:
D:1:      lightli_arrival_noodles, layout_basic, serial_forest,
          infiniplex_forest_clump_C, infiniplex_forest_lined_1,
          infiniplex_forest_straight_4, infiniplex_forest_zigzag_1,
          infiniplex_forest_lined_2, infiniplex_forest_straight_1,
          infiniplex_forest_lined_2, infiniplex_forest_lined_2
D:2:      layout_basic, marbit_many_paths, grunt_qazlal_sundering,
          fedhas_altar_2, dancing_weapons_uskayaw,
          nicolae_overflow_hidden_temple, tgw_xom
D:3:      wad_pebble_path, layout_loops_ring, vehumet_crystals,
          lemuel_round_altar, gup_sewer_entry_pipe, corexii_shack, uniq_ijyb,
          uniq_natasha

Skill      XL: |  1  2  3  4  5 |
---------------+----------------+-----
Transmutations | 3 4 5 6 |  6.2
Spellcasting   | 3 |  3.0
Ice Magic      | 1 2 |  2.0
Fighting       | |  1.1
Dodging        | |  2.6
Unarmed Combat | |  3.2

Action                   |  1- 3 |  4- 6 || total
-------------------------+-------+-------++-------
Melee: Unarmed           |   162 |   227 ||   389
       Headbutt          |     9 |    23 ||    32
       Punch             |     2 |     2 ||     4
       Tailslap          |       |     9 ||     9
 Cast: Beastly Appendage |    22 |    24 ||    46
  Use: Scroll            |     4 |     3 ||     7
       Potion            |     4 |     1 ||     5
 Stab: Sleeping          |     2 |     4 ||     6
       Paralysed         |       |     1 ||     1
Armor: Robe              |    49 |    57 ||   106
Dodge: Dodged            |   142 |   162 ||   304
